 Dungeon Crawl Stone Soup version 0.32-a0-172-gc5dd13f2a7 (webtiles) character file.

Game seed: 6002296526940237823

270692 whatisthis the Eclecticist (level 21, -2/235 HPs)
             Began as a Djinni Air Elementalist on Feb 11, 2024.
             Was an Initiate of Gozag.
             Slain by a vault warden
             ... wielding a +0 long sword of electrocution
              (24 damage)
             ... on level 2 of the Vaults on Feb 14, 2024.
             The game lasted 02:47:11 (48530 turns).

whatisthis the Eclecticist (DjAE)                  Turns: 48530, Time: 02:47:13

Health: -2/235     AC: 33    Str: 13    XL:     21   Next: 6%
Gold:   6709       EV:  2    Int: 27    God:    Gozag SH: 12 Dex: 11

rFire   + . .        J - staff of air
rCold   + . .        s - +0 kite shield {AC+3}
rNeg    . . .        e - melded +3 leather armour {Will+}
rPois   ∞            Z - melded +2 helmet
rElec   +            f - melded scarf {rC+ rF+}
rCorr   +            X - melded +1 pair of gloves {infuse}
SInv    .            (boots unavailable)
Will    +++..        S - amulet of regeneration
Stlth   +++          V - ring of Wuenaewk {rElec rPois Will+ Str+6 Dex-4}
HPRegen 1.39/turn    P - ring of Lucidity {EV+5 Stlth+}
MPRegen 0.00/turn

%: infuse magic (-3 HP)
@: mighty, tree-form, death channelling, resistant, gold aura, slowed, very slow
A: stationary, stasis, torment immunity, boosted hp, sickness immunity, (fire
resistance 2), (cold vulnerability 1), float, innate caster, HP casting, extra
vitality 1
}: 2/15 runes: serpentine, barnacled
a: End Transformation, Renounce Religion, Potion Petition, Call Merchant, Bribe
Branch


You were on level 2 of the Vaults.
You worshipped Gozag.
Gozag was greatly pleased with you.
You were a tree.
You visited 7 branches of the dungeon, and saw 33 of its levels.

You collected 12144 gold pieces.
You spent 893 gold pieces at shops.
You paid 4542 gold pieces to Gozag.

Inventory:

Hand Weapons
 I - the +0 broad axe "Ajoxkak" {freeze, rF+ SInv Stlth+}
   (You found it on level 1 of the Lair of Beasts)

   rF+:       It protects you from fire.
   SInv:      It lets you see invisible.
   Stlth+:    It makes you more stealthy.
Missiles
 i - 10 throwing nets
 B - 9 curare-tipped darts
Armour
 e - a +3 leather armour of willpower (melded)
 f - a scarf of resistance (melded)
 s - a +0 kite shield of protection (worn)
 R - a +2 cloak of preservation
 X - a +1 pair of gloves of infusion (melded)
 Z - a +2 helmet (melded)
Magical Staves
 J - a staff of air (weapon)
Jewellery
 D - a ring of resist corrosion
 P - the ring of Lucidity (right branch) {EV+5 Stlth+}
   (You acquired it on level 5 of the Lair of Beasts)

   [ring of evasion]

   EV+5:      It affects your evasion (+5).
   Stlth+:    It makes you more stealthy.
 S - an amulet of regeneration (around neck)
 V - the ring of Wuenaewk (left branch) {rElec rPois Will+ Str+6 Dex-4}
   (You found it on level 13 of the Dungeon)

   [ring of willpower]

   Str+6:     It affects your strength (+6).
   Dex-4:     It affects your dexterity (-4).
   rElec:     It insulates you from electricity.
   rPois:     It protects you from poison Will+: It increases your willpower.
Wands
 a - a wand of roots (3)
 k - a wand of polymorph (2)
 r - a wand of digging (5)
 y - a wand of light (11)
 A - a wand of charming (47)
 N - a wand of flame (11)
Scrolls
 b - 9 scrolls of teleportation
 l - 3 scrolls of silence
 m - 4 scrolls of enchant weapon
 n - a scroll of butterflies {unknown}
 p - 2 scrolls of blinking
 t - 11 scrolls of poison
 u - 3 scrolls of revelation
 v - 5 scrolls of fog
 E - 3 scrolls of noise
 G - a scroll of vulnerability
 L - a scroll of enchant armour {unknown}
 M - 3 scrolls of immolation
 U - 3 scrolls of fear
Potions
 c - 2 potions of ambrosia
 d - 13 potions of curing
 g - 3 potions of resistance {unknown}
 h - 5 potions of lignification
 j - 2 potions of mutation {unknown}
 o - 7 potions of might
 q - 7 potions of brilliance
 w - 4 potions of cancellation
 x - a potion of attraction {unknown}
 z - 3 potions of haste {unknown}
 C - 3 potions of enlightenment {unknown}
 H - 8 potions of heal wounds
 K - 2 potions of invisibility
 O - 2 potions of berserk rage {unknown}
 T - 2 potions of magic {unknown}
Miscellaneous
 F - a phial of floods
 Q - a condenser vane
 W - a box of beasts


   Skills:
 + Level 16.1 Fighting
 + Level 17.6 Dodging
 - Level 1.5 Stealth
 + Level 13.8 Shields
 - Level 19.8 Spellcasting
 - Level 19.8 Conjurations
 - Level 19.8 Hexes
 - Level 19.8 Summonings
 - Level 19.8 Necromancy
 - Level 19.8 Translocations
 - Level 19.8 Fire Magic
 - Level 19.8 Ice Magic
 - Level 19.8 Air Magic
 - Level 19.8 Earth Magic
 - Level 19.8 Alchemy


You knew the following spells:

 Your Spells              Type           Power      Damage    Failure   Level
a - Shock                 Conj/Air       100%       1d9       0%          1
b - Static Discharge      Conj/Air       100%       3-8/arc   0%          2
c - Swiftness             Air            100%       N/A       0%          3
d - Airstrike             Air            58%        2d(9-25)  0%          4
e - Kiss of Death         Conj/Necr      100%       2d13      0%          1
f - Momentum Strike       Conj/Tloc      100%       3d10      0%          2
g - Searing Ray           Conj           100%       2d8       0%          2
h - Vampiric Draining     Necr           93%        2d12      0%          3
i - Summon Blazeheart Go  Fire/Summ      93%        N/A       0%          4
j - Borgnjor's Vile Clut  Necr/Erth      46%        N/A       1%          5
k - Death Channel         Necr           46%        N/A       1%          6
l - Summon Cactus Giant   Summ           46%        N/A       1%          6
m - Enfeeble              Hex            46%        N/A       1%          7
n - Orb of Destruction    Conj           46%        9d12      1%          7
Your spell library was empty.

Dungeon Overview and Level Annotations

Branches:
Dungeon (15/15)            Temple (1/1) D:7            Lair (5/5) D:8
 Shoals (4/4) Lair:2        Snake (4/4) Lair:2        Slime (0/5) Lair:5
    Orc (2/2) D:9             Elf (0/3) Orc:2        Vaults (2/5) D:13
 Depths (0/4) D:15
  Crypt: Vaults:2-3

Altars:
Ashenzari
Cheibriados
Dithmenos
Elyvilon
Fedhas
Gozag
Hepliaklqana
Makhleb
Nemelex Xobeh
Okawaru
Qazlal
Ru
Trog
Uskayaw
Wu Jian
Xom
Yredelemnul
Zin
The Shining One

Shops:
D:7 *   Orc:2 [(:**   Shoals:3 =(((   Snake:3 =[   Vaults:1 *

Annotations:
D:2 Robin
D:4 2 runed translucent doors, SmokeWeed's ghost, amateur DEFE
D:5 Grinder
D:13 2 transporters
D:15 1 runed translucent door
Lair:1 exclusion: boulder beetle
Lair:3 1 runed translucent door, jestert79's ghost, journeyman GnWn
Lair:4 1 exclusion
Vaults:1 1 runed translucent door, cforsyth's ghost, adept DjHs


Innate Abilities, Weirdness & Mutations

You are a tree.
Your roots penetrate the ground, keeping you stationary.
You cannot be teleported.
You are immune to unholy pain and torment.
Your maximum health is greatly increased.
Your equipment is partially melded.
You are immune to sickness and miasma.
You are immune to poison.
((Your flesh is very heat resistant. (rF++)))
((You are vulnerable to cold. (rC-)))
You float through the air rather than walking.
You learn spells naturally, not from books.
Your magical power is your life essence.
You have superior vitality. (+4 MHP)


Message History

Your spectral ironbound thunderhulk hits the ironbound convoker.
The yaktaur wields an arbalest.
The yaktaur shoots a bolt.
The bolt hits your spectral ironbound thunderhulk!!
A deep troll comes into view.
The eidolon hits your spectral formless jellyfish!!
The eidolon drains your spectral formless jellyfish's vigour!
Your spectral formless jellyfish seems to slow down.
The eidolon hits your spectral formless jellyfish!
Your spectral deep troll bites the eidolon!
Your spectral deep troll misses the eidolon.
Your spectral deep troll barely misses the eidolon.
A curse skull and 2 yaktaurs come into view.
Unknown command.
You feel much better.
The zombie hands constrict the vault warden.
The zombie hands constrict the ironbound convoker!!
You kill the ironbound convoker!
A glowing mist starts to gather...
The curse skull rattles its jaw.
The yaktaur is distracted by your dazzling golden aura.
The yaktaur hits your spectral ironbound convoker!
The vault warden hits you with a +0 long sword of electrocution!
* * * LOW HITPOINT WARNING * * *
The great orb of eyes bites your spectral formless jellyfish!
The eidolon hits your spectral formless jellyfish! x2
The yaktaur is distracted by your dazzling golden aura.
Your spectral formless jellyfish hits the eidolon but does no damage.
Your spectral deep troll closely misses the eidolon.
Your spectral deep troll claws the eidolon but does no damage.
Your spectral deep troll claws the eidolon!
The yaktaur hits your spectral ironbound convoker.
The deep troll bites your spectral ironbound convoker!!
The deep troll claws your spectral ironbound convoker!
The deep troll claws your spectral ironbound convoker!!
Your spectral ironbound convoker is destroyed!
The great orb of eyes bites your spectral formless jellyfish!
The yaktaur is distracted by your dazzling golden aura.
The vault warden hits you with a +0 long sword of electrocution!!
You die...
Your body crumbles into a pile of gold.

#....#
#....#
#....#
#....#
#....#
#....#
#....#
#VV..#
#♣cZG# #
#pWz.# #.
#ZZc.#
#..#...z#
#..+.c..#
#..#Tc..#
####....#
#.$..#
#....#


You could see a vault warden (strong, clutched, drained, ally target), an
eidolon (strong, distracted, ally target), a great orb of eyes, a jiangshi
(summoned), a deep troll, a curse skull, 4 yaktaurs, a vampire (summoned), a
wight (summoned), a friendly spectral deep troll, a friendly spectral ironbound
thunderhulk and a friendly spectral formless jellyfish (slow).

Vanquished Creatures
  Mara (Snake:4)
  Polyphemus (Shoals:3)
  Donald (Snake:1)
  A daeva (Shoals:4)
  3 vault wardens (Vaults:1)
  A stone giant (D:11)
  2 ironbound preservers (Vaults:1)
  2 orc warlords
  2 ironbound thunderhulks
  An apis (Shoals:4)
  3 dire elephants
  A war gargoyle (Vaults:1)
  5 merfolk javelineers (Shoals:4)
  An entropy weaver (shapeshifter) (D:13)
  10 merfolk impalers
  A great orb of eyes (Vaults:1)
  2 vault guards
  4 hydras
  5 catoblepae
  2 ogre magi
  6 anacondas
  3 merfolk avatars
  3 centaur warriors
  9 two-headed ogres
  10 boulder beetles
  5 merfolk aquamancers
  A satyr (Shoals:4)
  An alligator snapping turtle (Shoals:2)
  6 naga warriors
  A deep troll shaman (Lair:5)
  4 death yaks
  An orc high priest (Orc:2)
  Urug (D:13)
  2 tengu warriors
  12 naga sharpshooters
  8 shock serpents
  A shock serpent (shapeshifter) (Vaults:1)
  2 storm dragon zombies (D:15)
  15 skeletal warriors
  A cherub (Shoals:4)
  3 skysharks
  6 sea snakes
  5 arcanists
  2 deep trolls
  A flayed ghost (D:15)
  3 mana vipers
  2 phantasmal warriors (Vaults:1)
  5 ironbound convokers
  6 orc knights
  4 harpies
  2 naga ritualists
  3 lindwurms
  A necromancer (D:15)
  2 deep elf pyromancers
  11 ugly things
  3 salamanders
  6 oklob plants
  4 orc sorcerers
  6 manticores
  9 cyclopes
  9 fauns
  3 kobold blastminers (Orc:2)
  A guardian serpent (Snake:4)
  11 cane toads
  5 merfolk sirens
  20 elephants
  6 meliai
  4 water nymphs
  3 vault sentinels (Vaults:1)
  9 naga magi
  15 black mambas
  A torpor snail (Lair:4)
  2 gargoyles
  3 rime drakes
  An unseen horror (shapeshifter) (D:15)
  5 efreet
  2 yaktaurs (Vaults:2)
  14 komodo dragons
  A tengu conjurer (D:14)
  A queen bee (shapeshifter) (D:15)
  8 trolls
  19 merfolk
  3 polar bears
  4 hornets
  4 snapping turtles
  6 wind drakes
  A glass eye (shapeshifter) (D:11)
  26 blink frogs
  18 dream sheep
  A culicivora (shapeshifter) (D:13)
  2 water elementals
  A vampire (D:9)
  9 slime creatures
  A wraith (D:13)
  28 yaks
  A human (D:13)
  A human (shapeshifter) (D:15)
  A steam dragon (D:9)
  A warg (Orc:1)
  A hog (D:13)
  6 basilisks
  5 vampire mosquitoes
  Menkaure (D:6)
  2 acid dragons
  20 nagas
  29 water moccasins
  A meliai simulacrum (D:12)
  23 orc warriors
  2 sky beasts
  4 black bears
  2 ice beasts
  A laughing skull (D:11)
  An ogre (shapeshifter) (D:11)
  5 ogres
  12 wolves
  4 centaurs
  2 phantoms
  Blork the orc (D:6)
  A kobold brigand (D:7)
  A gnoll sergeant (D:9)
  9 bullfrogs
  2 scorpions
  4 wights
  4 killer bees (D:10)
  2 electric eels (Lair:2)
  2 howler monkeys
  3 lava snakes (Lair:2)
  A crimson imp (D:10)
  A gnoll bouda (D:5)
  A jelly (D:5)
  3 hounds
  12 orc priests
  A sleepcap (D:6)
  15 orc wizards
  6 hell rats
  10 gnolls
  9 adders
  A shadow imp (D:5)
  4 white imps
  2 ufetubi (D:5)
  3 dart slugs
  3 ribbon worms
  40 orcs
  10 endoplasms
  6 giant cockroaches
  10 hobgoblins
  8 jackals
  A quokka (D:5)
  5 ball pythons
  2 bats (D:1)
  7 goblins
  13 kobolds
  8 rats
808 creatures vanquished.

Vanquished Creatures (collateral kills)
  Vashnia (Snake:2)
  Ilsuiw (Shoals:3)
  Aizul (Snake:2)
  9 nagarajas
  A frost giant (Vaults:1)
  A vault warden (Vaults:1)
  3 ironbound preservers (Vaults:1)
  A formless jellyfish (Vaults:2)
  2 ironbound thunderhulks (Vaults:1)
  2 dire elephants (Vaults:1)
  A war gargoyle (Vaults:1)
  2 yaktaur captains
  5 merfolk impalers
  2 merfolk javelineers (Shoals:4)
  A vault guard (Vaults:1)
  2 ironbound frosthearts (Vaults:1)
  A peacekeeper (Vaults:1)
  2 merfolk avatars
  A centaur warrior (D:15)
  7 anacondas
  3 merfolk aquamancers
  5 naga warriors
  A two-headed ogre (D:12)
  A tengu warrior (D:14)
  A boulder beetle (D:13)
  2 death yaks (Shoals:3)
  4 naga sharpshooters
  A shock serpent (Snake:3)
  A salamander mystic (Snake:4)
  6 sea snakes
  7 mana vipers
  19 deep trolls
  A lindwurm (Vaults:1)
  A cherub (Shoals:4)
  4 harpies
  5 naga ritualists
  3 ironbound convokers (Vaults:1)
  6 ugly things
  A faun (Shoals:3)
  3 manticores
  A cyclops (Shoals:4)
  4 salamanders
  A kobold blastminer (Orc:2)
  A meliai (D:15)
  An elephant (Lair:2)
  5 merfolk sirens
  15 black mambas
  3 guardian serpents (Snake:4)
  2 vault sentinels (Vaults:1)
  4 naga magi
  4 yaktaurs (Vaults:2)
  A tengu conjurer (D:15)
  A komodo dragon (Lair:3)
  22 merfolk
  A wind drake (Shoals:1)
  A dream sheep (Shoals:4)
  4 snapping turtles
  5 slime creatures (Vaults:1)
  A vampire (D:12)
  2 water elementals (Shoals:1)
  3 yaks (Shoals:4)
  19 nagas
  3 orc warriors (Orc:2)
  An ogre (Orc:1)
  A bullfrog (Lair:4)
  6 orcs
233 creatures vanquished.

Vanquished Creatures (others)
  Kirke (D:13)
  A two-headed ogre (D:11)
  A cyclops (D:11)
  A centaur simulacrum (D:11)
  2 humans (D:13)
  34 blazeheart cores
40 creatures vanquished.

Grand Total: 1081 creatures vanquished

Notes
Turn   | Place    | Note
-------+----------+-------------------------------------------
     0 | D:1      | whatisthis the Djinni Air Elementalist began the quest for
                  | the Orb.
     0 | D:1      | whatisthis set off with the following spells memorised:
                  | Shock, Static Discharge, Swiftness, Airstrike.
     0 | D:1      | Reached XP level 1. HP: 15/15 MP: 0/0
   231 | D:1      | Reached XP level 2. HP: 20/21 MP: 0/0
   267 | D:1      | Found a faded altar of an unknown god.
   637 | D:1      | Reached XP level 3. HP: 25/25 MP: 0/0
   637 | D:1      | Learned a level 1 spell: Kiss of Death
   864 | D:2      | Noticed Robin
  1349 | D:2      | Reached XP level 4. HP: 24/31 MP: 0/0
  1773 | D:3      | Identified the +5 battleaxe of Exchange {venom, Str+2}
  2597 | D:4      | Noticed a black bear
  2682 | D:4      | Noticed a phantom
  2748 | D:4      | Killed a phantom
  2749 | D:4      | Reached skill level 5 in Spellcasting
  2749 | D:4      | Reached skill level 5 in Conjurations
  2749 | D:4      | Reached skill level 5 in Hexes
  2749 | D:4      | Reached skill level 5 in Summonings
  2749 | D:4      | Reached skill level 5 in Necromancy
  2749 | D:4      | Reached skill level 5 in Translocations
  2749 | D:4      | Reached skill level 5 in Fire Magic
  2749 | D:4      | Reached skill level 5 in Ice Magic
  2749 | D:4      | Reached skill level 5 in Air Magic
  2749 | D:4      | Reached skill level 5 in Earth Magic
  2749 | D:4      | Reached skill level 5 in Alchemy
  2749 | D:4      | Reached XP level 5. HP: 18/35 MP: 0/0
  2749 | D:4      | Learned a level 2 spell: Momentum Strike
  3001 | D:4      | Killed a black bear
  3002 | D:4      | Reached XP level 6. HP: 10/40 MP: 0/0
  3197 | D:4      | Found a runed translucent door.
  3277 | D:4      | Found a runed translucent door.
  3278 | D:4      | Noticed SmokeWeed's ghost (amateur DEFE)
  3477 | D:5      | Entered Level 5 of the Dungeon
  3754 | D:5      | Reached XP level 7. HP: 33/45 MP: 0/0
  3754 | D:5      | Learned a level 2 spell: Searing Ray
  4101 | D:5      | Found a burning altar of Makhleb.
  4102 | D:5      | Found a white marble altar of Elyvilon.
  4283 | D:5      | Noticed Grinder
  4305 | D:5      | Paralysed by Grinder for 3 turns
  4414 | D:5      | Found a sacrificial altar of Ru.
  4533 | D:5      | Found a basalt altar of Yredelemnul.
  4805 | D:5      | Reached XP level 8. HP: 23/50 MP: 0/0
  5666 | D:6      | Reached XP level 9. HP: 34/55 MP: 0/0
  5666 | D:6      | Learned a level 3 spell: Vampiric Draining
  5767 | D:6      | Noticed Blork the orc
  5814 | D:6      | Noticed Menkaure
  5817 | D:6      | Killed Menkaure
  6049 | D:6      | Killed Blork the orc
  6871 | D:7      | Reached skill level 10 in Spellcasting
  6871 | D:7      | Reached skill level 10 in Conjurations
  6871 | D:7      | Reached skill level 10 in Hexes
  6871 | D:7      | Reached skill level 10 in Summonings
  6871 | D:7      | Reached skill level 10 in Necromancy
  6871 | D:7      | Reached skill level 10 in Translocations
  6871 | D:7      | Reached skill level 10 in Fire Magic
  6871 | D:7      | Reached skill level 10 in Ice Magic
  6871 | D:7      | Reached skill level 10 in Air Magic
  6871 | D:7      | Reached skill level 10 in Earth Magic
  6871 | D:7      | Reached skill level 10 in Alchemy
  6983 | D:7      | Found a staircase to the Ecumenical Temple.
  6991 | Temple   | Entered the Ecumenical Temple
  7051 | Temple   | Became a worshipper of Gozag Ym Sagoz the Greedy
  7156 | D:7      | Found Niaroof's General Store.
  7407 | D:8      | Noticed a four-headed hydra
  7410 | D:8      | Killed a four-headed hydra
  7411 | D:8      | Reached XP level 10. HP: 47/60 MP: 0/0
  7569 | D:8      | Found a staircase to the Lair.
  7570 | D:8      | Noticed a komodo dragon
  7576 | D:8      | Killed a komodo dragon
  7810 | D:8      | Reached skill level 1 in Fighting
  7810 | D:8      | Reached skill level 1 in Shields
  8602 | D:8      | Identified the staff "Xoiroot" {rF+ rN+ Dex+4 Necro}
  8881 | D:9      | Noticed a two-headed ogre
  8898 | D:9      | Killed a two-headed ogre
  9224 | D:9      | Found a bloodstained altar of Trog.
  9491 | D:9      | Found a glowing silver altar of Zin.
  9583 | D:9      | Found a stormy altar of Qazlal.
  9594 | D:9      | Found a staircase to the Orcish Mines.
  9678 | D:10     | Entered Level 10 of the Dungeon
  9790 | D:10     | Noticed a two-headed ogre
  9918 | D:10     | Found a broken altar of Ashenzari.
 10000 | D:10     | Killed a two-headed ogre
 10001 | D:10     | Reached skill level 5 in Dodging
 10111 | D:10     | Reached XP level 11. HP: 65/73 MP: 0/0
 10111 | D:10     | Learned a level 4 spell: Summon Blazeheart Golem
 10570 | D:10     | Noticed a deep elf pyromancer
 10590 | D:10     | Killed a deep elf pyromancer
 10591 | D:10     | Reached skill level 5 in Fighting
 10591 | D:10     | Reached skill level 5 in Shields
 10682 | D:10     | Noticed an arcanist
 10701 | D:10     | Killed an arcanist
 10972 | Lair:1   | Entered Level 1 of the Lair of Beasts
 11354 | Lair:1   | Noticed a boulder beetle
 11387 | Lair:1   | Noticed a catoblepas
 11553 | Lair:1   | Killed a catoblepas
 11696 | Lair:1   | Identified the +0 broad axe "Ajoxkak" {freeze, rF+ SInv
                  | Stlth+}
 12258 | Lair:2   | Noticed an elephant
 12258 | Lair:2   | Noticed an elephant
 12258 | Lair:2   | Noticed an elephant
 12258 | Lair:2   | Noticed an elephant
 12258 | Lair:2   | Noticed an elephant
 12258 | Lair:2   | Noticed a catoblepas
 12478 | Lair:2   | Noticed an elephant
 12478 | Lair:2   | Noticed an elephant
 12478 | Lair:2   | Noticed an elephant
 12505 | Lair:2   | Reached XP level 12. HP: 48/85 MP: 0/0
 12926 | Lair:1   | Killed a boulder beetle
 13602 | Lair:2   | Noticed a skyshark
 13605 | Lair:2   | Killed a skyshark
 13640 | Lair:2   | Reached skill level 10 in Dodging
 14625 | Lair:2   | Reached skill level 10 in Fighting
 14640 | Lair:2   | Reached XP level 13. HP: 69/96 MP: 0/0
 14640 | Lair:2   | Learned a level 5 spell: Borgnjor's Vile Clutch
 15142 | Lair:2   | Killed a catoblepas
 15460 | Lair:2   | Found a staircase to the Snake Pit.
 16155 | Lair:2   | Found a staircase to the Shoals.
 16794 | Lair:3   | Found a runed translucent door.
 16795 | Lair:3   | Noticed jestert79's ghost (journeyman GnWn)
 16796 | Lair:3   | Identified the +8 spear of Qurykot {protect, ^Drain rPois
                  | rN++ Dex+3}
 17534 | Lair:3   | You are sucked into a shaft and drop 1 floor!
 19422 | Lair:4   | Reached XP level 14. HP: 78/103 MP: 0/0
 20972 | Lair:5   | Entered Level 5 of the Lair of Beasts
 21779 | Lair:5   | Noticed a dire elephant
 21789 | Lair:5   | Killed a dire elephant
 22812 | Lair:5   | Found a staircase to the Slime Pits.
 22970 | Lair:5   | Identified 2 scrolls of acquirement
 23016 | Lair:5   | Acquired the ring of Lucidity {EV+5 Stlth+}
 23017 | Lair:5   | Acquired a +0 kite shield of protection
 23808 | Lair:5   | Reached skill level 15 in Spellcasting
 23808 | Lair:5   | Reached skill level 15 in Conjurations
 23808 | Lair:5   | Reached skill level 15 in Hexes
 23808 | Lair:5   | Reached skill level 15 in Summonings
 23808 | Lair:5   | Reached skill level 15 in Necromancy
 23808 | Lair:5   | Reached skill level 15 in Translocations
 23808 | Lair:5   | Reached skill level 15 in Fire Magic
 23808 | Lair:5   | Reached skill level 15 in Ice Magic
 23808 | Lair:5   | Reached skill level 15 in Air Magic
 23808 | Lair:5   | Reached skill level 15 in Earth Magic
 23808 | Lair:5   | Reached skill level 15 in Alchemy
 24649 | D:11     | Reached XP level 15. HP: 97/109 MP: 0/0
 24649 | D:11     | Learned a level 6 spell: Death Channel
 26252 | D:11     | Noticed a stone giant
 26266 | D:11     | Killed a stone giant
 28359 | D:12     | Identified the +3 trident of Kaupsor {freeze, Will+ Int+3}
 29020 | D:13     | Found a transporter.
 29108 | D:13     | Found a gate leading to a gauntlet.
 29113 | D:13     | Noticed Kirke
 29120 | D:13     | Killed Kirke
 29274 | D:13     | Noticed Urug
 29286 | D:13     | Killed Urug
 29543 | D:13     | Found a transporter.
 29678 | D:13     | Identified the ring of Wuenaewk {rElec rPois Will+ Str+6
                  | Dex-4}
 29937 | D:13     | Reached XP level 16. HP: 96/115 MP: 0/0
 30014 | D:13     | Found a gate to the Vaults.
 31165 | D:15     | Entered Level 15 of the Dungeon
 31699 | D:15     | Identified the +0 chain mail "Pebof" {rF+}
 32219 | D:15     | Found a staircase to the Depths.
 32508 | D:15     | Found a runed translucent door.
 32784 | Orc:1    | Entered Level 1 of the Orcish Mines
 33015 | Orc:2    | Entered Level 2 of the Orcish Mines
 33215 | Orc:2    | Found Ataxt's Antique Weapon Emporium.
 33238 | Orc:2    | Found a staircase to the Elven Halls.
 33268 | Orc:2    | Found Gatip's Goods Gallery.
 33574 | Orc:2    | Reached XP level 17. HP: 73/121 MP: 0/0
 33574 | Orc:2    | Learned a level 6 spell: Summon Cactus Giant
 33837 | Orc:2    | Found Moimei Rysam's Book Boutique.
 33854 | Orc:2    | Found Hall's General Store.
 34088 | Orc:2    | Found Kaxkac's Antique Armour Boutique.
 34566 | Orc:2    | Bought a potion of heal wounds for 55 gold pieces
 34566 | Orc:2    | Bought a potion of invisibility for 88 gold pieces
 34566 | Orc:2    | Bought a potion of degeneration for 11 gold pieces
 34566 | Orc:2    | Bought a scroll of fear for 44 gold pieces
 34621 | Orc:2    | Bought a pair of glowing gloves for 217 gold pieces
 34744 | D:7      | Bought a scroll of fear for 44 gold pieces
 34745 | D:7      | Upgraded the game from 0.32-a0-163-g159c032296 to
                  | 0.32-a0-172-gc5dd13f2a7
 34845 | Snake:1  | Entered Level 1 of the Snake Pit
 35282 | Snake:1  | Noticed Donald
 35296 | Snake:1  | Killed Donald
 36348 | Snake:2  | Noticed Vashnia
 36639 | Snake:2  | Killed Vashnia
 36876 | Snake:2  | Identified the serpent talisman "Giequi" {Int+3 Dex+3
                  | Stlth-}
 36876 | Snake:2  | Noticed Aizul
 36888 | Snake:2  | Killed Aizul
 37898 | Snake:3  | Found Viebb's Jewellery Shop.
 37899 | Snake:3  | Found Filimn's Antique Armour Shoppe.
 38055 | Snake:3  | Reached XP level 18. HP: 108/129 MP: 0/0
 38637 | Snake:4  | Entered Level 4 of the Snake Pit
 39463 | Snake:4  | Noticed Mara
 39467 | Snake:4  | Noticed whatisthis's illusion
 39484 | Snake:4  | Found a sacrificial altar of Ru.
 39698 | Snake:4  | Noticed whatisthis's illusion
 39753 | Snake:4  | Killed Mara
 39890 | Snake:4  | Reached skill level 10 in Shields
 39911 | Snake:4  | Got a serpentine rune of Zot
 40921 | Shoals:1 | Entered Level 1 of the Shoals
 41016 | Shoals:1 | Reached XP level 19. HP: 129/138 MP: 0/0
 41016 | Shoals:1 | Learned a level 7 spell: Enfeeble
 42207 | Shoals:2 | Reached skill level 15 in Dodging
 43028 | Shoals:3 | Noticed Ilsuiw
 43042 | Shoals:3 | Killed Ilsuiw
 43215 | Shoals:3 | Found Pefem's Antique Weapon Shop.
 43218 | Shoals:3 | Noticed Polyphemus
 43390 | Shoals:3 | Killed Polyphemus
 43415 | Shoals:3 | Found Haserad's Jewellery Emporium.
 43659 | Shoals:3 | Found Loxifi's Weapon Emporium.
 43917 | Shoals:3 | Found Tuled's Weapon Shop.
 44593 | Shoals:4 | Entered Level 4 of the Shoals
 44812 | Shoals:4 | Found a glowing silver altar of Zin.
 44938 | Shoals:4 | Found a white marble altar of Elyvilon.
 45202 | Shoals:4 | Found a glowing golden altar of the Shining One.
 45218 | Shoals:4 | Reached XP level 20. HP: 66/148 MP: 0/0
 45303 | Shoals:4 | Identified the +10 chain mail "Seofemem" {Will+ Dex+4}
 45660 | Shoals:4 | Reached skill level 15 in Fighting
 45740 | Shoals:4 | Got a barnacled rune of Zot
 46474 | Vaults:1 | Entered Level 1 of the Vaults
 46586 | Vaults:1 | Found Hoet Usa's Assorted Antiques.
 46633 | Vaults:1 | Bought 3 potions of curing for 279 gold pieces
 46633 | Vaults:1 | Bought a potion of heal wounds for 155 gold pieces
 46636 | Vaults:1 | Found a runed translucent door.
 46636 | Vaults:1 | Noticed cforsyth's ghost (adept DjHs)
 48426 | Vaults:2 | Reached XP level 21. HP: 140/157 MP: 0/0
 48426 | Vaults:2 | Learned a level 7 spell: Orb of Destruction
 48529 | Vaults:2 | HP: 9/235 [vault warden/+0 long sword of electrocution
                  | (34)]
 48530 | Vaults:2 | Slain by a vault warden

Illustrated notes

Levels and vault maps discovered:
D:1:      ncdulo_wetmaze, layout_basic, hellmonk_ecumenical_altar_defaced_shrine
D:2:      layout_loops_ring, minmay_pentomino_r2, uniq_robin
D:3:      layout_loops_corners
D:4:      layout_basic, ebering_ghost_sewer_f, chequers_serial_rivers_room_b,
          kennysheep_path_1
D:5:      layout_layer_cave, yredelemnul_altar_generic, kennysheep_mini,
          mainiacjoe_overflow_divided_tiny, nicolae_ru_great_annihilating_truth,
          uniq_grinder
D:6:      layout_loops_cross, uniq_blork_the_orc, uniq_menkaure
D:7:      layout_loops_corners, minmay_temple_entry_offerings, serial_shops,
          shop, skrybe_limestone_x
D:8:      layout_basic, david_lair_shrubbed, kennysheep_generic_room_14
D:9:      layout_rooms, mainiacjoe_overflow_surrounded_room,
          mainiacjoe_overflow_small_starburst, mainiacjoe_overflow_alcove_2,
          nicolae_overflow_crystal_walls, chequers_serial_rivers_large_a,
          hangedman_decor_diamond_cutter, chequers_serial_rivers_micro_a,
          statue_in_the_mist_lemuel
D:10:     layout_roguey, evilmike_ruin_ashenzari, lightli_wizard_tower
D:11:     layout_basic, serial_glass, glass_columns_a, glass_columns_c,
          glass_columns_a, glass_columns_b, glass_columns_c,
          nicolae_rejected_hall
D:12:     minmay_blocky_corners, layout_basic
D:13:     gammafunk_wand_slinger, layout_loops_corners, hellmonk_vaults_keyhole,
          gauntlet_entry_generic, uniq_kirke, uniq_urug
D:14:     layout_basic, minmay_fountain_box
D:15:     gammafunk_depths_entry_grave, layout_stronghold, nicolae_wwwww,
          nicolae_danse_macabre
Temple:   minmay_temple_forest_path
Lair:1:   layout_chaotic_city, st_stairs_6
Lair:2:   layout_cave_shapes, elwin_shoals_entry_rocks,
          nicolae_snake_entry_warm_welcome, serial_bayou_ford_a
Lair:3:   layout_concentric_octagons, ebering_ghost_funeral_grove, minivault_24,
          minivault_11, serial_bayou_pond_c, infiniplex_staircase_pool_2,
          lemuel_fruit_fields
Lair:4:   cheibrodos_lair_overgrown_chateau, layout_concentric_octagons,
          portal_ice_cave_demonic_guard, dpeg_oklob_1
Lair:5:   grunt_lair_end_beastmaster, layout_cave_shapes,
          minmay_slime_entry_oklob_open, minivault_25, st_stairs_11
Shoals:1: layout_shoals
Shoals:2: layout_shoals
Shoals:3: layout_shoals, serial_shops, shop, nicolae_shop_statue_plus, shop,
          shop, nicolae_shoals_flooded_hall, uniq_ilsuiw, uniq_polyphemus
Shoals:4: shoals_end_hellmonk_holy_island
Snake:1:  layout_chambers, lemuel_fruit_tree, grunt_megastairs_3, uniq_donald
Snake:2:  layout_onion, uniq_aizul, uniq_vashnia
Snake:3:  layout_gridlike, nicolae_wooded_promenade
Snake:4:  grunt_snake_rune_pools, layout_chambers, basic_altar,
          grunt_ministairs_1, uniq_mara
Orc:1:    layout_caves
Orc:2:    grunt_orc_gardens, layout_caves, grunt_orc_garden, grunt_orc_garden,
          grunt_orc_garden, grunt_orc_garden, nicolae_alphabet_shops
Vaults:1: hellmonk_ghost_happy_afterlife, nicolae_vaults_shipping_containers_1,
          vaults_room_door_ring, vaults_mumra_hexcomb, v_misc_26,
          serial_library_hellmonk_reading_circle,
          nicolae_vaults_trapezoid_lopsided_3, nicolae_vaults_little_squares_4,
          nicolae_vaults_little_squares_3, vaults_dpeg_diagonal,
          layout_vaults_big_room, serial_shops, nicolae_shop_tiny_glass
Vaults:2: ebering_ghost_reflecting_pool, vaults_standard_mumra_x,
          nicolae_vaults_shelves_hall, ontoclasm_vaults_chip,
          nicolae_vaults_hexular_roomagon, vaults_room_boxed,
          nicolae_vaults_bisected_slash, nicolae_vaults_house_2, v_misc_11,
          minmay_crypt_entry_simple_box, nicolae_vaults_theta,
          layout_vaults_omnigrid, serial_shops, shop, shop, nicolae_shop_stone

Skill      XL: |  1  2  3  4  5  6  7  8  9 10 11 12 13 14 15 16 17 18 19 20 |
---------------+-------------------------------------------------------------+-----
Spellcasting   | 4 5 6 7 8 10 11 13 15 17 19 | 19.8
Conjurations   | 4 5 6 7 8 10 11 13 15 17 19 | 19.8
Hexes          | 4 5 6 7 8 10 11 13 15 17 19 | 19.8
Summonings     | 4 5 6 7 8 10 11 13 15 17 19 | 19.8
Necromancy     | 4 5 6 7 8 10 11 13 15 17 19 | 19.8
Translocations | 4 5 6 7 8 10 11 13 15 17 19 | 19.8
Fire Magic     | 4 5 6 7 8 10 11 13 15 17 19 | 19.8
Ice Magic      | 4 5 6 7 8 10 11 13 15 17 19 | 19.8
Air Magic      | 4 5 6 7 8 10 11 13 15 17 19 | 19.8
Earth Magic    | 4 5 6 7 8 10 11 13 15 17 19 | 19.8
Alchemy        | 4 5 6 7 8 10 11 13 15 17 19 | 19.8
Fighting       | 4 7 10 11 13 14 16 | 16.1
Shields        | 4 6 7 10 12 13 | 13.8
Dodging        | 5 8 11 12 13 14 16 17 | 17.6
Stealth        | |  1.5

Action                     |  1- 3 |  4- 6 |  7- 9 | 10-12 | 13-15 | 16-18 | 19-21 || total
---------------------------+-------+-------+-------+-------+-------+-------+-------++-------
  Melee: Staff             |       |     2 |       |       |     3 |     5 |     8 ||    18
  Throw: Dart              |       |       |     4 |     3 |     1 |     1 |       ||     9
   Cast: Shock             |    78 |    89 |    83 |     9 |       |       |       ||   259
         Static Discharge  |     7 |    11 |    21 |    19 |     6 |    14 |       ||    78
         Swiftness         |       |     2 |     1 |     3 |     1 |       |       ||     7
         Searing Ray       |       |       |     6 |       |       |       |       ||     6
         Airstrike         |       |       |    30 |   161 |   386 |   440 |   211 ||  1228
         Vampiric Draining |       |       |       |    51 |    14 |     1 |     3 ||    69
         Summon Blazeheart |       |       |       |    17 |    27 |    13 |     7 ||    64
         Borgnjor's Vile C |       |       |       |       |   271 |   177 |   265 ||   713
         Death Channel     |       |       |       |       |    10 |    68 |    60 ||   138
         Summon Cactus Gia |       |       |       |       |       |    84 |    98 ||   182
         Enfeeble          |       |       |       |       |       |       |    16 ||    16
         Orb of Destructio |       |       |       |       |       |       |     4 ||     4
 Invoke: Potion Petition   |       |       |       |       |     2 |     4 |     4 ||    10
  Evoke: Wand              |       |       |     3 |     1 |     3 |     4 |     1 ||    12
         Phial of floods   |       |       |       |       |     1 |       |       ||     1
    Use: Scroll            |       |       |     4 |     6 |     8 |    12 |     1 ||    31
         Potion            |       |       |       |       |       |     2 |     1 ||     3
 Armour: Robe              |    15 |    30 |    43 |   125 |    74 |       |       ||   287
         Leather armour    |       |       |       |       |    49 |   171 |   139 ||   359
         Skin              |       |       |       |       |       |       |    14 ||    14
  Dodge: Dodged            |     8 |    20 |    14 |    80 |   102 |   123 |   141 ||   488
  Block: Buckler           |       |       |     2 |    36 |    20 |       |       ||    58
         Kite shield       |       |       |       |       |    40 |   123 |   110 ||   273

Table legend: (Time is in decaauts)
 A = Elapsed time spent in this place.
 B = Non-inter-level travel time spent in this place.
 C = Inter-level travel time spent in this place.
 D = Time resting spent in this place.
 E = Time spent auto-exploring this place.
 F = Levels seen in this place.
 G = Mean time per level.
                   A        B        C        D        E       F      G
               +--------+--------+--------+--------+--------+-----+--------+
         Total |  48508 |  45654 |   2854 |  11726 |  20269 |  33 | 1469.9 |
       Dungeon |  19774 |  18422 |   1352 |   3575 |  10464 |  15 | 1318.3 |
        Temple |    118 |      6 |    112 |      0 |      0 |   1 |  118.0 |
          Lair |  13308 |  12703 |    605 |   6389 |   2826 |   5 | 2661.6 |
        Shoals |   5379 |   4963 |    416 |    648 |   2155 |   4 | 1344.8 |
     Snake Pit |   5997 |   5745 |    252 |    701 |   2923 |   4 | 1499.2 |
  Orcish Mines |   1872 |   1767 |    105 |    214 |    886 |   2 |  936.0 |
        Vaults |   2057 |   2047 |     10 |    199 |   1015 |   2 | 1028.5 |
               +--------+--------+--------+--------+--------+-----+--------+

Top non-repeatable levels by time:
  Lair:4: 3417 daAuts
  Lair:1: 3160 daAuts
    D:11: 3135 daAuts
  Lair:5: 3025 daAuts
 Snake:4: 2151 daAuts
  Lair:2: 2051 daAuts
     D:8: 1872 daAuts
Shoals:3: 1869 daAuts
Vaults:1: 1865 daAuts
 Snake:1: 1735 daAuts
  Lair:3: 1653 daAuts
     D:5: 1404 daAuts
    D:13: 1398 daAuts
    D:15: 1340 daAuts
     D:9: 1297 daAuts
